 Dungeon Crawl Stone Soup version 0.31-a0-360-gb3e1d13bf4 (webtiles) character file.

Game seed: 8578845887222018209

524 Maxmaps the Cudgeller (level 7, -6/67 HPs)
             Began as an Ogre Shapeshifter on July 27, 2023.
             Mangled by a gnoll
             ... wielding a +0 halberd
              (8 damage)
             ... on level 3 of the Dungeon.
             The game lasted 00:04:13 (3126 turns).

Maxmaps the Cudgeller (Ogre Shapeshifter)           Turns: 3126, Time: 00:04:13

Health: -6/67      AC: 10    Str: 22    XL:     7   Next: 22%
Magic:  7/7        EV:  7    Int:  9    God:
Gold:   119        SH:  0    Dex:  9    Spells: 6/6 levels left

rFire   x . .        t - +2 morningstar (vamp)
rCold   + + .        (no shield)
rNeg    . . .        i - +0 ice dragon scales
rPois   .            (helmet currently unavailable)
rElec   .            (cloak currently unavailable)
rCorr   .            (gloves unavailable)
SInv    .            (boots unavailable)
Will    +....        (no amulet) Stlth
                     (no ring)
HPRegen 0.31/turn    (no ring)
MPRegen 0.10/turn

%: no passive effects
@: brilliant, beast-form, attractive, enlightened, flying
A: beast (slay +2), large, unfitting armour, tough skin 1
a: Begin Untransformation


You were on level 3 of the Dungeon.
You were a hulking beast.
You visited 1 branch of the dungeon, and saw 3 of its levels.

You collected 119 gold pieces.

Inventory:

Hand Weapons
 p - a +0 whip
 t - a +2 vampiric morningstar (weapon)
Armour
 a - a +0 animal skin
 i - +0 ice dragon scales (worn)
Talismans
 c - a beast talisman
 l - a maw talisman
Wands
 b - a wand of flame (13)
Scrolls
 e - 2 scrolls of torment {unknown}
 f - 2 scrolls of fear {unknown}
 g - 5 scrolls of identify {unknown}
 h - 4 scrolls of noise {unknown}
 j - a scroll of fog {unknown}
 m - a scroll of blinking {unknown}
 n - a scroll of teleportation {unknown}
 q - 2 scrolls of poison {unknown}
 r - a scroll of immolation {unknown}
Potions
 k - 2 potions of magic
 u - a potion of invisibility {unknown}


   Skills:
 - Level 3.2 Fighting
 + Level 6.0 Maces & Flails
 - Level 1.7 Dodging
 - Level 2.6 Unarmed Combat
 - Level 3.4 Shapeshifting


You had 6 spell levels left.
You didn't know any spells.
Your spell library contained the following spells:

 Spells                   Type           Power      Damage    Failure   Level
 Ozocubu's Armour         Ice            0%         N/A       99%         3
 Ozocubu's Refrigeration  Ice            0%         4d7       100%        7


Dungeon Overview and Level Annotations

Branches:
Dungeon (3/15)

Altars:
Qazlal
Uskayaw
Vehumet

Annotations:
D:3 exclusion: statue


Innate Abilities, Weirdness & Mutations

You are a hulking beast.
Your limbs bulge with bestial killing power. (Slay +2)
You are too large for most types of armour.
You have tough skin. (AC +1)


Message History

You hit the kobold but do no damage.
The kobold is heavily wounded.
The gnoll hits you but does no damage.
The gnoll hits you from afar with a +1 spear of pain.
The kobold barely misses you.
You barely miss the kobold.
The kobold is heavily wounded.
The gnoll hits you but does no damage. The kobold hits you with a +0 dagger.
The gnoll hits you but does no damage. The gnoll barely misses you.
The gnoll hits you from afar with a +0 halberd.
* * * LOW HITPOINT WARNING * * *
The kobold hits you but does no damage.
You completely miss the kobold.
The kobold is heavily wounded.
The gnoll barely misses you.
The gnoll hits you from afar with a +1 spear of pain.
* * * LOW HITPOINT WARNING * * *
The kobold hits you but does no damage.
It was a potion of magic.
Magic courses through your body.
The gnoll hits you from afar with a +0 halberd!
* * * LOW HITPOINT WARNING * * *
The gnoll closely misses you. The kobold barely misses you.
It was a potion of brilliance.
You feel clever all of a sudden. The gnoll closely misses you.
The gnoll hits you from afar with a +1 spear of pain.
* * * LOW HITPOINT WARNING * * *
The kobold hits you but does no damage.
It was a potion of attraction.
You feel attractive to monsters. The gnoll barely misses you.
The gnoll hits you from afar with a +1 spear of pain.
* * * LOW HITPOINT WARNING * * *
The kobold hits you with a +0 dagger.
* * * LOW HITPOINT WARNING * * *
It was a potion of enlightenment.
You feel very buoyant.
You fly up into the air.
The gnoll hits you from afar with a +0 halberd!
You die...

#≈~≈~~~≈≈≈≈≈≈≈≈≈≈~≈≈≈≈≈≈≈≈≈≈≈
#≈≈≈≈≈≈≈≈≈#####≈≈≈≈≈≈≈≈≈≈≈≈≈≈
#≈≈≈≈≈≈≈≈≈#.).###############
#≈≈≈≈≈≈≈≈≈#...#..............
#≈≈≈≈≈≈≈≈≈#...#..(...........
##)##(............)
#).....########..( #......#
#... #h.....########.).
#K##..............
ggg#..............
#$K$#...........[..
#$$$############### #####


You could see 2 gnolls, a hobgoblin and 2 kobolds.

Vanquished Creatures
  4 kobold brigands (D:3)
  An orc priest (D:2)
  Ijyb (D:3)
  8 gnolls (D:3)
  3 worms
  3 dart slugs
  6 orcs
  4 ball pythons
  6 endoplasms
  5 goblins
  7 hobgoblins
  3 jackals (D:2)
  36 kobolds
  2 quokkas (D:1)
  5 bats
  A frilled lizard (D:2)
  5 rats
100 creatures vanquished.

Notes
Turn   | Place    | Note
-------+----------+-------------------------------------------
     0 | D:1      | Maxmaps the Ogre Shapeshifter began the quest for the Orb.
     0 | D:1      | Reached XP level 1. HP: 19/19 MP: 1/1
   385 | D:1      | Reached XP level 2. HP: 29/29 MP: 2/2
   905 | D:2      | Reached XP level 3. HP: 37/37 MP: 3/3
  1008 | D:2      | Found a stormy altar of Qazlal.
  1579 | D:3      | Reached skill level 1 in Maces & Flails
  1706 | D:2      | Reached skill level 2 in Maces & Flails
  1706 | D:2      | Reached XP level 4. HP: 10/45 MP: 4/4
  1983 | D:3      | Found a radiant altar of Vehumet.
  1983 | D:3      | Noticed a charred statue
  2022 | D:3      | Noticed a golden eye
  2026 | D:3      | Noticed a great orb of eyes
  2195 | D:3      | Found a hide-covered altar of Uskayaw.
  2369 | D:3      | Noticed Ijyb
  2370 | D:3      | Noticed a kobold brigand
  2386 | D:3      | Killed Ijyb
  2387 | D:3      | Reached skill level 3 in Maces & Flails
  2387 | D:3      | Reached XP level 5. HP: 53/53 MP: 5/5
  2410 | D:3      | Killed a kobold brigand
  2411 | D:3      | Reached skill level 4 in Maces & Flails
  2426 | D:3      | Reached XP level 6. HP: 35/61 MP: 6/6
  2972 | D:3      | Reached skill level 5 in Maces & Flails
  2976 | D:3      | Reached XP level 7. HP: 41/67 MP: 7/7
  3108 | D:3      | Reached skill level 6 in Maces & Flails
  3125 | D:3      | HP: 1/67 [kobold/+0 dagger (3)]
  3126 | D:3      | Mangled by a gnoll

Illustrated notes

Levels and vault maps discovered:
D:1:      amcnicky_arrival_blooded_trapdoor, layout_loops_corners
D:2:      layout_basic, basic_altar, kennysheep_generic_room_7
D:3:      minmay_goblin_kobold_castle, layout_basic,
          nicolae_uskayaw_murder_on_the_dancefloor, vehumet_statue,
          hellmonk_ecumenical_altar_watching_god,
          chequers_serial_rivers_micro_d, uniq_ijyb

Skill      XL: |  1  2  3  4  5  6  7 |
---------------+----------------------+-----
Fighting       | 2 3 |  3.2
Maces & Flails | 2 3 4 5 6 |  6.0
Dodging        | |  1.7
Unarmed Combat | |  2.6
Shapeshifting  | |  3.4

Action                     |  1- 3 |  4- 6 |  7- 9 || total
---------------------------+-------+-------+-------++-------
  Melee: Unarmed           |    53 |       |       ||    53
         Whip              |    54 |    32 |       ||    86
         Punch             |     1 |     2 |       ||     3
         Morningstar       |       |   140 |    26 ||   166
    Use: Potion            |       |     1 |     4 ||     5
   Stab: Sleeping          |     1 |       |       ||     1
 Armour: Animal skin       |     2 |       |       ||     2
         Ice dragon scales |    70 |   162 |    34 ||   266
         Skin              |       |    45 |       ||    45
  Dodge: Dodged            |    45 |    97 |    22 ||   164

Table legend: (Time is in decaauts)
 A = Elapsed time spent in this place.
 B = Non-inter-level travel time spent in this place.
 C = Inter-level travel time spent in this place.
 D = Time resting spent in this place.
 E = Time spent auto-exploring this place.
 F = Levels seen in this place.
 G = Mean time per level.
                   A        B        C        D        E       F      G
               +--------+--------+--------+--------+--------+-----+--------+
         Total |   3175 |   3154 |     21 |    623 |   1811 |   3 | 1058.3 |
       Dungeon |   3175 |   3154 |     21 |    623 |   1811 |   3 | 1058.3 |
               +--------+--------+--------+--------+--------+-----+--------+

Top non-repeatable levels by time:
     D:3: 1413 daAuts
     D:2: 934 daAuts
     D:1: 827 daAuts
